 Dungeon Crawl Stone Soup version 0.20.0-10-g0535bb4 (console) character file.

426854 rubinko the Convoker (level 22, -3/175 HPs)
             Began as a Mummy Arcane Marksman on June 4, 2017.
             Was the Champion of Ashenzari.
             Killed from afar by a crystal guardian (45 damage)
             ... with a crystal bolt
             ... on level 2 of the Depths.
             The game lasted 05:48:30 (91641 turns).

rubinko the Convoker (Mummy Arcane Marksman)       Turns: 91641, Time: 05:48:30

Health: -3/175     AC: 33    Str: 13      XL:     22   Next: 44%
Magic:  19/43      EV: 16    Int: 19 (20) God:    Ashenzari [******]
Gold:   301        SH: 13    Dex: 15      Spells: 0/55 levels left

rFire    + + .     SeeInvis +   g - +9 eveningstar (freeze) (curse)
rCold    . . .     Gourm    .   U - +0 shield (curse)
rNeg     + + +     Faith    .   Q - +5 fire dragon scales (curse)
rPois    ∞         Spirit   .   u - +2 helmet (curse)
rElec    .         Reflect  .   A - +2 cloak {+Inv} (curse)
rCorr    .         Harm     .   D - +2 pair of gloves (curse)
MR       +++..     Clarity  +   t - +2 pair of boots {Stlth+} (curse)
Stlth    ++........             P - amulet of magic regeneration (curse)
Regen    0.4/turn               n - ring of protection from magic (curse)
MPRegen  0.5/turn               m - ring of protection from fire (curse)

@: no status effects
A: no food or potions, fire vulnerability, cold resistance 1, negative energy
resistance 3, torment resistance, unbreathing, in touch with death 1
}: 3/15 runes: decaying, abyssal, gossamer
a: Curse Item, Scrying, Transfer Knowledge, Renounce Religion, Evoke
Invisibility


You were on level 2 of the Depths.
You worshipped Ashenzari.
Ashenzari was exalted by your worship.
You were not hungry.

You visited 9 branches of the dungeon, and saw 41 of its levels.
You visited the Abyss 1 time.
You visited 1 bazaar.
You also visited: Ossuary and Wizlab.

You collected 4012 gold pieces.
You spent 3711 gold pieces at shops.

Inventory:

Hand Weapons
 g - a cursed +9 eveningstar of freezing (weapon)
Missiles
 d - 18 javelins (quivered)
 j - 2 throwing nets
Armour
 t - a cursed +2 pair of boots of stealth (worn)
 u - a cursed +2 helmet (worn)
 A - a cursed +2 cloak of invisibility (worn)
 D - a cursed +2 pair of gloves (worn)
 Q - cursed +5 fire dragon scales (worn)
 U - a cursed +0 shield (worn)
Jewellery
 h - an uncursed ring of ice
 i - an uncursed ring of resist corrosion
 m - a cursed ring of protection from fire (right hand)
 n - a cursed ring of protection from magic (left hand)
 B - an uncursed amulet of harm
 P - a cursed amulet of magic regeneration (around neck)
Wands
 c - a wand of confusion (24/48)
 f - a wand of enslavement (5/24)
 q - a wand of acid (7/15)
 w - a wand of acid (5/15)
 x - a wand of confusion (22/48)
 F - a wand of confusion (26/48)
 H - a wand of confusion (29/48)
 M - a wand of digging (5/24)
 N - a wand of iceblast (12/15)
 R - a wand of digging (17/24)
Scrolls
 a - 7 scrolls of recharging
 b - a scroll of holy word
 e - 4 scrolls of fear
 k - a scroll of acquirement
 l - 7 scrolls of fog
 p - 6 scrolls of identify
 r - 8 scrolls of magic mapping
 s - 7 scrolls of remove curse
 v - 4 scrolls of vulnerability
 z - a scroll of immolation
 C - 6 scrolls of blinking
 E - a scroll of summoning
 I - 16 scrolls of teleportation
 L - 2 scrolls of torment
 V - 3 scrolls of amnesia
Books
 y - a Necronomicon

   Spells                             Type                      Level
   a - Haunt                          Necromancy/Summoning         7
   b - Borgnjor's Revivification      Necromancy                   8
   c - Death's Door                   Charms/Necromancy            8
   d - Infestation                    Necromancy                   8
   e - Necromutation                  Transmutation/Necromancy     8
Miscellaneous
 o - a box of beasts
 G - 3 phantom mirrors
 S - 2 sacks of spiders
 W - a phial of floods
 X - a lamp of fire (inert)


   Skills:
 - Level 15.0 Fighting
   Level 0.2 Short Blades
 - Level 6.5(11.1) Maces & Flails
 - Level 8.2 Throwing
 - Level 11.4(15.6) Armour
 - Level 8.0(12.4) Dodging
 - Level 3.3 Stealth
 - Level 12.3(15.0) Shields
 - Level 17.0 Spellcasting
 - Level 9.2(13.6) Hexes
 - Level 17.5(21.2) Summonings
 + Level 9.7(14.0) Necromancy
 - Level 2.2(5.7) Translocations
 - Level 2.6(6.3) Ice Magic
 - Level 2.7(6.4) Air Magic
 - Level 5.5(10.0) Evocations


You couldn't memorise any spells.
You knew the following spells:

 Your Spells              Type           Power        Failure   Level  Hunger
a - Agony                 Necr           #######.     1%          5    N/A
b - Slow                  Hex            ######..     1%          2    N/A
c - Summon Hydra          Summ           #######...   1%          7    N/A
d - Summon Ice Beast      Ice/Summ       ######..     1%          4    N/A
e - Cause Fear            Hex            ######....   1%          4    N/A
f - Summon Mana Viper     Hex/Summ       ######..     1%          5    N/A
g - Dispel Undead         Necr           #######.     1%          5    N/A
h - Haunt                 Necr/Summ      #######...   8%          7    N/A
k - Blink                 Tloc           N/A          1%          2    N/A
q - Apportation           Tloc           #####.       1%          1    N/A
t - Summon Lightning Spi  Summ/Air       ######..     1%          4    N/A
w - Summon Butterflies    Summ           #######.     0%          1    N/A
x - Summon Guardian Gole  Hex/Summ       ######..     1%          3    N/A
A - Animate Skeleton      Necr           N/A          1%          1    N/A
D - Animate Dead          Necr           N/A          1%          4    N/A

Dungeon Overview and Level Annotations

Branches:
Dungeon (15/15)            Temple (1/1) D:5            Lair (6/6) D:10
  Swamp (4/4) Lair:3       Spider (4/4) Lair:4        Slime (0/5) Lair:6
    Orc (2/2) D:12            Elf (0/3) Orc:2        Vaults (4/5) D:14
  Crypt (3/3) Vaults:2       Tomb (0/3) Crypt:3      Depths (2/5) D:15

Altars:
Ashenzari
Cheibriados
Dithmenos
Elyvilon
Fedhas
Gozag
Hepliaklqana
Kikubaaqudgha
Makhleb
Nemelex Xobeh
Okawaru
Qazlal
Ru
Sif Muna
Trog
Uskayaw
Vehumet
Xom
Yredelemnul
Zin
The Shining One

Shops:
D:4 ??*   D:5 !   D:12 (   Orc:2 }(*%   Vaults:2 }

Portals:
Hell: Depths:1
Pandemonium: Orc:2

Annotations:
D:3 brahma's ghost, amateur GrMo
D:7 azarias's ghost, novice CeHu
Swamp:2 Nikola


Innate Abilities, Weirdness & Mutations

You do not eat or drink.
Your flesh is vulnerable to fire.
You are immune to poison.
Your flesh is cold resistant. (rC+)
You are immune to negative energy. (rN+++)
You are immune to unholy pain and torment.
You can survive without breathing.
You are in touch with the powers of death.


Message History

Casting: Summon Mana Viper
Confirm with . or Enter, or press ? or * to list all spells.
A four-headed hydra appears.
You block the crystal guardian's attack.
Unknown command.
You block the war gargoyle's attack. The crystal guardian barely misses you.
Your four-headed hydra bites the crystal guardian but does no damage.
Your four-headed hydra bites the crystal guardian!
Your four-headed hydra bites the crystal guardian.
Your four-headed hydra bites the crystal guardian!
Casting: Summon Hydra
Confirm with . or Enter, or press ? or * to list all spells.
A six-headed hydra appears.
The war gargoyle launches metal splinters at you.
The spray of metal splinters hits you!
The crystal guardian fires a crystalline bolt at you.
The crystal bolt freezes you!
* * * LOW HITPOINT WARNING * * *
The crystal bolt freezes you!
You die...

,, , ,* #.# , ,, ,
#.# ≈≈, ,,,,* #.#
, ,* #.# ≈ , , *
#)#### # ≈≈
,...,,* #....#**.#
≈≈ ,..§,, #.D..#
.#* *≈≈, ....,*
#...)#.#*
≈≈,,..... #.D.@.#
≈≈ ,,..{..#
###89## ≈,
,......#* #§)# ,
.9....{##.§.# ,
,.....>8...§.#
,,,,,...{{..######
, ,......#* ,
,.....#*
≈≈,,.....*


You could see a crystal guardian, a war gargoyle, a friendly six-headed hydra
and a friendly four-headed hydra.

Vanquished Creatures
  An ancient lich (Crypt:3)
  A juggernaut (shapeshifter) (Depths:2)
  Sojobo (Depths:1)
  Boris (Vaults:4)
  Frederick (Vaults:4)
  3 bone dragons
  6 liches
  Jorgrun (Depths:2)
  A titan (Vaults:4)
  A sphinx (Vaults:1)
  9 ancient champions
  2 tengu reavers (Depths:1)
  A storm dragon (Vaults:2)
  The ghost of tryptr the Severer, an adept MiBe of Trog (WizLab)
  4 revenants
  A frost giant (Vaults:4)
  2 fire giants
  Aizul (Swamp:2)
  3 emperor scorpions
  3 curse skulls
  3 vault wardens
  A juggernaut zombie (Depths:1)
  A reaper (Crypt:3)
  A spriggan defender (Depths:1)
  5 ghouls
  8 ironheart preservers
  4 war gargoyles
  4 very ugly things (Depths:2)
  3 stone giants
  A juggernaut skeleton (Crypt:1)
  10 vampire knights
  A spark wasp (Spider:4)
  3 deep elf death magi (Crypt:3)
  4 crystal guardians
  Snorg (Lair:4)
  A minotaur (shapeshifter) (Depths:2)
  5 yaktaur captains
  12 eidola
  A fire dragon (Depths:1)
  8 ogre magi
  6 jiangshi
  2 great orbs of eyes
  3 quicksilver dragon skeletons
  6 hydras
  A ghost crab (Swamp:2)
  Fannar (Lair:2)
  2 vault guards
  An ice dragon (Vaults:3)
  2 rakshasas
  4 death knights
  28 two-headed ogres
  4 centaur warriors
  Erica (D:8)
  2 death yaks
  6 alligators
  2 tengu warriors (Depths:1)
  3 deep troll shamans (Depths:1)
  3 dancing weapons (Depths:2)
  2 vampire magi
  A queen ant (Lair:2)
  2 deep troll earth magi
  A deep elf knight (Vaults:2)
  2 soul eaters (Crypt:3)
  58 skeletal warriors
  7 shadow wraiths
  A sixfirhy (Abyss:3)
  9 glowing orange brains
  A storm dragon skeleton (Crypt:2)
  A golden dragon zombie (Crypt:2)
  6 deep trolls
  4 swamp dragons
  5 flayed ghosts
  5 orc knights
  A tengu zombie (Vaults:4)
  An unseen horror (D:11)
  A shambling mangrove (Swamp:1)
  3 wizards
  17 phantasmal warriors
  A lindwurm (shapeshifter) (D:15)
  4 anaconda skeletons
  2 orb spiders
  3 deep elf archers (Vaults:2)
  5 ironbrand convokers
  8 necromancers
  15 ugly things
  5 orc sorcerers
  7 deep elf magi
  A wolf spider zombie (Crypt:1)
  A shadow dragon skeleton (Crypt:3)
  6 iron dragon skeletons
  7 cyclopes
  2 stone giant zombies
  14 wolf spiders
  2 moths of wrath
  4 frost giant skeletons
  4 elephants
  4 black mambas
  2 black mambas (shapeshifter)
  A water nymph (shapeshifter) (Vaults:1)
  7 stone giant skeletons
  3 fire giant skeletons
  A molten gargoyle (Depths:2)
  6 human skeletons
  A vault sentinel (Vaults:4)
  A smoke demon (Depths:1)
  A black draconian zombie (Crypt:1)
  A gargoyle (WizLab)
  A torpor snail (Spider:3)
  A shock serpent skeleton (Crypt:1)
  3 demonic crawlers
  3 rime drakes
  8 spiny frogs
  A swamp worm zombie (Crypt:2)
  8 freezing wraiths
  A yaktaur (shapeshifter) (D:15)
  13 yaktaurs
  A dire elephant skeleton (Crypt:3)
  A komodo dragon (Lair:5)
  A spriggan zombie (Depths:1)
  2 ancient zymes (Abyss:3)
  A catoblepas skeleton (Crypt:3)
  2 tengu conjurers (Depths:1)
  A red devil (Depths:1)
  A hellwing (Depths:1)
  A polar bear (shapeshifter) (Vaults:1)
  3 hydra skeletons
  A meliai (shapeshifter) (Depths:2)
  A tengu simulacrum (Vaults:4)
  12 jumping spiders
  2 tyrant leeches
  12 hornets
  5 trolls
  An ettin zombie (Crypt:1)
  2 harpy skeletons
  A hippogriff (shapeshifter) (Vaults:3)
  8 slime creatures
  6 bog bodies
  A blink frog (Lair:2)
  7 hippogriffs
  2 fire giant simulacra
  An ice dragon skeleton (Crypt:3)
  5 air elementals (Depths:2)
  Sigmund (D:4)
  24 redbacks
  A spriggan (shapeshifter) (Vaults:2)
  4 wraiths
  12 tarantellas
  An alligator skeleton (Crypt:3)
  A ynoxinul (Orc:2)
  5 spriggans
  4 ettin skeletons
  2 fire dragon skeletons
  18 flying skulls
  4 fire elementals
  14 yaks
  3 shadows
  A wyvern (Lair:2)
  A human (shapeshifter) (D:15)
  A basilisk (D:14)
  3 hungry ghosts
  3 steam dragons
  An emperor scorpion simulacrum (Crypt:1)
  2 human simulacra (Vaults:3)
  6 vampire mosquitoes
  A harpy simulacrum (Crypt:1)
  2 acid dragons
  4 wargs
  5 soldier ants
  7 water moccasins
  3 insubstantial wisps
  16 swamp worms
  2 porcupines
  A hell hound (D:11)
  A deep troll skeleton (Vaults:2)
  2 hornet zombies
  An eye of draining (D:14)
  An infernal demonspawn skeleton (Crypt:2)
  7 swamp drakes
  25 orc warriors
  4 ice beasts
  4 phantoms
  7 sky beasts
  A manticore zombie (Crypt:3)
  22 ogres
  An eye of draining (shapeshifter) (Vaults:1)
  4 necrophages
  A fire dragon simulacrum (Depths:1)
  2 manticore skeletons
  The ghost of Snack the Conjurer, an amateur MfCj (D:4)
  13 centaurs
  4 wolves
  10 boggarts
  An orc skeleton (Vaults:2)
  14 crocodiles
  3 big kobolds
  A swamp dragon skeleton (Crypt:2)
  A rime drake zombie (Crypt:1)
  An elf zombie (Ossuary)
  A draconian zombie (Crypt:2)
  A gnoll sergeant (D:6)
  17 bullfrogs
  An elf skeleton (Crypt:3)
  2 yaktaur zombies
  A cyclops zombie (Crypt:3)
  An earth elemental (Depths:2)
  2 wyvern skeletons
  18 scorpions
  A water moccasin skeleton (Crypt:2)
  A shapeshifter zombie (Crypt:1)
  8 killer bees
  6 wights
  2 spriggan skeletons
  An electric eel (Spider:2)
  A howler monkey (D:4)
  3 centaur zombies
  5 crimson imps
  A quasit (D:8)
  A wolf skeleton (Crypt:2)
  16 orc priests
  8 jellies
  6 human zombies
  Crazy Yiuf (D:6)
  3 hounds
  11 orc wizards
  2 bullfrog skeletons
  5 centaur skeletons
  4 iguanas
  29 worker ants
  2 porcupine skeletons (Crypt:2)
  A big kobold zombie (Ossuary)
  2 hound zombies
  A naga skeleton (Crypt:3)
  3 mummies (Ossuary)
  20 adders
  9 gnolls
  A howler monkey skeleton (D:6)
  3 river rats
  3 shadow imps
  An ooze (Lair:6)
  6 adder zombies (Ossuary)
  7 worms
  A dart slug (D:2)
  7 leopard geckos
  67 orcs
  2 ball pythons
  6 bats
  5 giant cockroaches
  A goblin (D:1)
  3 hobgoblins
  8 jackals
  5 quokkas
  A ball python skeleton (D:4)
  9 frilled lizards
  A frilled lizard zombie (Crypt:2)
  4 goblin zombies (Ossuary)
  A hobgoblin zombie (Ossuary)
  A jackal skeleton (Crypt:1)
  4 jackal zombies (Ossuary)
  7 kobolds
  A kobold skeleton (Crypt:3)
  6 kobold zombies
  3 orc zombies
  7 rats
  4 rat zombies (Ossuary)
1222 creatures vanquished.

Vanquished Creatures (collateral kills)
  Mara (Depths:1)
  the Lernaean hydra (Swamp:4)
  Rupert (Lair:3)
  A sphinx (Vaults:3)
  Frances (D:14)
  Agnes (D:14)
  2 thorn hunters
  Kirke (D:11)
  A tengu reaver (Vaults:3)
  Roxanne (Spider:2)
  An azure jelly (Lair:6)
  5 emperor scorpions
  4 frost giants
  7 vault wardens
  4 ghost moths (Spider:4)
  A reaper (Crypt:3)
  12 ironheart preservers
  6 entropy weavers
  A very ugly thing (Depths:2)
  4 stone giants
  A deep elf annihilator (Vaults:4)
  Nessos (D:12)
  A vampire knight (Crypt:2)
  Azrael (D:11)
  2 spark wasps (Depths:1)
  3 deep elf death magi
  3 death oozes (Lair:6)
  8 ogre magi
  4 ettins
  Josephine (Lair:4)
  4 fire dragons
  A rakshasa (Vaults:2)
  3 yaktaur captains
  2 great orbs of eyes
  5 catoblepae
  3 vault guards
  2 ice dragons (Vaults:4)
  22 two-headed ogres
  18 hydras
  2 centaur warriors
  7 death yaks
  4 dancing weapons (Depths:2)
  3 deep troll shamans
  5 deep troll earth magi
  A titan zombie (Crypt:3)
  A thrashing horror (Abyss:3)
  3 orc high priests (Orc:2)
  A vampire mage (Crypt:3)
  Urug (D:12)
  3 soul eaters
  A shock serpent (Depths:2)
  3 deep elf knights (Vaults:2)
  A sun demon (Orc:2)
  Sonja (Orc:2)
  Nergalle (Lair:4)
  6 skeletal warriors
  An unseen horror (D:14)
  10 deep trolls
  2 torturous demonspawn (Orc:2)
  2 glowing orange brains
  A shadow wraith (D:14)
  A flayed ghost (Vaults:2)
  2 wizards
  3 shambling mangroves
  12 swamp dragons
  2 spriggan druids
  2 deep elf archers
  An anaconda skeleton (Crypt:2)
  17 orb spiders
  5 ironbrand convokers
  19 orc knights
  3 harpies (Vaults:1)
  2 necromancers (Crypt:3)
  32 wolf spiders
  3 manticores
  2 oklob plants
  7 orc sorcerers
  6 deep elf magi
  5 ugly things
  A manticore (shapeshifter) (D:15)
  6 elephants
  7 cyclopes
  A centaur zombie (D:11)
  3 moths of wrath
  Maurice (D:12)
  2 black mambas
  11 vault sentinels
  3 torpor snails
  2 molten gargoyles (Depths:2)
  4 gargoyles
  8 spiny frogs
  A centaur skeleton (D:14)
  An orange demon (Orc:2)
  11 yaktaurs
  4 komodo dragons
  A yaktaur (shapeshifter) (Depths:2)
  An ice devil (Lair:1)
  A rime drake (Lair:4)
  2 efreet
  2 freezing wraiths
  A catoblepas skeleton (Crypt:3)
  A hellwing (Depths:1)
  10 demonic crawlers
  2 tengu conjurers
  37 jumping spiders
  7 trolls
  2 guardian mummies (Crypt:1)
  A polar bear (Lair:4)
  3 tyrant leeches
  19 hornets
  3 bog bodies (Swamp:4)
  A hydra skeleton (Crypt:3)
  23 slime creatures
  2 blink frogs (Lair:2)
  4 hippogriffs
  An ettin zombie (Vaults:2)
  A hippogriff (shapeshifter) (Vaults:1)
  74 redbacks
  2 ynoxinuls
  A shadow (Swamp:1)
  32 tarantellas
  3 wraiths (Lair:4)
  4 spriggans (Swamp:2)
  2 large abominations (Abyss:3)
  A water elemental (Depths:1)
  A wyvern (Lair:6)
  43 yaks
  2 fire elementals
  A basilisk (Lair:6)
  An orc simulacrum (Vaults:3)
  11 vampire mosquitoes
  A gelid demonspawn zombie (Crypt:3)
  7 wargs
  4 insubstantial wisps
  2 soldier ants (Lair:2)
  4 swamp worms
  A spatial vortex (Swamp:2)
  2 hell hounds
  A floating eye (shapeshifter) (D:15)
  3 acid dragons
  A porcupine (Lair:3)
  4 water moccasins
  An elf skeleton (Vaults:1)
  A phantom (D:14)
  30 orc warriors
  4 swamp drakes
  An ice beast (D:15)
  A snapping turtle zombie (Crypt:3)
  26 ogres
  3 human skeletons
  2 boggarts (Depths:1)
  An eye of draining (D:14)
  5 wolves (Lair:3)
  7 centaurs
  4 crocodiles
  3 bullfrogs
  A draconian skeleton (Crypt:3)
  3 earth elementals (WizLab)
  15 scorpions
  6 killer bees (D:13)
  8 wights
  An electric eel (Spider:2)
  A crimson imp (D:15)
  6 human zombies
  A quasit (D:13)
  A bullfrog zombie (D:12)
  4 jellies (Lair:6)
  9 orc priests
  11 orc wizards
  8 worker ants
  A mummy (Crypt:1)
  An adder (D:12)
  8 oozes (Lair:6)
  A ball lightning (Depths:2)
  34 orcs
  A bat skeleton (Crypt:1)
  5 kobolds (D:12)
  A quokka zombie (Crypt:3)
  4 briar patches (Swamp:4)
  4 fungi
  4 plants
952 creatures vanquished.

Vanquished Creatures (others)
  A catoblepas (Lair:2)
  2 death yaks (Lair:6)
  A deep troll (Depths:1)
  A spriggan druid (Swamp:4)
  An oklob plant (Lair:2)
  An elephant (Lair:3)
  A spiny frog (Lair:4)
  A komodo dragon (Lair:6)
  A vampire (D:14)
  A yak (Lair:6)
  3 humans (D:12)
  A fire elemental (Depths:2)
  A soldier ant (Lair:2)
  A water moccasin (Lair:6)
  An ogre (D:12)
  A boggart (Vaults:3)
  A bullfrog (D:12)
  5 ball lightnings (Depths:2)
  2 orcs
  A kobold (D:12)
  20 fungi
  20 plants
  3 starspawn tentacles (Abyss:3)
  8 withered plants (Crypt:3)
79 creatures vanquished.

Grand Total: 2253 creatures vanquished

Notes
Turn   | Place    | Note
-------+----------+-------------------------------------------
     0 | D:1      | rubinko the Mummy Arcane Marksman began the quest for the Orb.
     0 | D:1      | Reached XP level 1. HP: 15/15 MP: 2/2
   342 | D:1      | Reached XP level 2. HP: 18/21 MP: 0/4
  1371 | D:2      | Reached XP level 3. HP: 15/26 MP: 2/5
  1398 | D:2      | Learned a level 2 spell: Slow
  2735 | D:3      | Noticed brahma's ghost (amateur GrMo)
  3178 | D:3      | Reached XP level 4. HP: 26/32 MP: 6/6
  3350 | D:4      | Noticed a bullfrog
  3359 | D:4      | Killed a bullfrog
  3359 | D:4      | Reached XP level 5. HP: 15/41 MP: 4/7
  3592 | D:4      | Noticed Sigmund
  3771 | D:4      | Noticed Snack's ghost (amateur MfCj)
  3789 | D:4      | Killed Snack's ghost
  3923 | D:4      | Noticed an ogre
  4026 | D:2      | Reached XP level 6. HP: 29/48 MP: 6/8
  4522 | D:4      | Found Cyesue's General Store.
  4530 | D:4      | Bought a +0 pair of boots of stealth for 126 gold pieces
  4617 | D:4      | Found a shattered altar of Ashenzari.
  4754 | D:4      | Became a worshipper of Ashenzari the Shackled
  4841 | D:4      | Found Lischieq's Magic Scroll Shop.
  4846 | D:4      | Bought a scroll of identify for 28 gold pieces
  4846 | D:4      | Bought a scroll of teleportation for 42 gold pieces
  4873 | D:4      | Found Jirodot's Magic Scroll Shoppe.
  5324 | D:4      | Reached skill level 5 in Throwing
  5328 | D:4      | Reached XP level 7. HP: 39/53 MP: 9/9
  5396 | D:5      | Entered Level 5 of the Dungeon
  6027 | D:4      | Killed Sigmund
  6335 | D:4      | Reached XP level 8. HP: 60/60 MP: 10/10
  6547 | D:5      | Reached * piety under Ashenzari
  6641 | D:5      | Found Calepef's Distillery.
  6683 | D:5      | Reached skill level 1 in Maces & Flails
  7053 | D:5      | Found an opulent altar of Gozag.
  7184 | D:5      | Found a staircase to the Ecumenical Temple.
  7190 | Temple   | Entered the Ecumenical Temple
  7517 | D:6      | Found a sand-covered staircase.
  7525 | Ossuary  | Entered an ossuary
  9093 | D:6      | Learned a level 1 spell: Animate Skeleton
  9095 | D:6      | Learned a level 1 spell: Summon Small Mammal
  9292 | D:6      | Reached ** piety under Ashenzari
  9315 | D:6      | Noticed Dowan
  9317 | D:6      | Noticed Duvessa
  9361 | D:5      | Reached XP level 9. HP: 50/67 MP: 11/11
  9429 | D:5      | Reached skill level 5 in Fighting
  9617 | D:6      | Noticed Dowan
  9617 | D:6      | Dowan changed into Dowan the adder
  9815 | D:6      | Killed Dowan the adder
 10030 | D:6      | Found a runed door.
 10036 | D:6      | Noticed Crazy Yiuf
 10041 | D:6      | Killed Crazy Yiuf
 10277 | D:6      | Noticed Duvessa
 10277 | D:6      | Duvessa changed into Duvessa the ogre
 10322 | D:6      | Killed Duvessa the ogre
 10594 | D:7      | Noticed azarias's ghost (novice CeHu)
 10812 | D:6      | Reached skill level 1 in Necromancy
 11011 | D:5      | Reached skill level 1 in Summonings
 11515 | D:6      | Learned a level 4 spell: Cause Fear
 14078 | D:8      | Reached skill level 1 in Shields
 14491 | D:8      | Noticed a two-headed ogre
 14525 | D:8      | Killed a two-headed ogre
 14525 | D:8      | Reached skill level 5 in Spellcasting
 14525 | D:8      | Reached XP level 10. HP: 42/76 MP: 13/17
 14743 | D:8      | Noticed Erica
 15401 | D:8      | Reached *** piety under Ashenzari
 15436 | D:8      | Reached skill level 5 in Hexes
 15591 | D:8      | Killed Erica
 16229 | D:9      | Noticed a two-headed ogre
 16247 | D:9      | Killed a two-headed ogre
 17670 | D:10     | Entered Level 10 of the Dungeon
 18013 | D:10     | Found a staircase to the Lair.
 18159 | D:10     | Reached XP level 11. HP: 60/82 MP: 15/21
 19835 | Lair:1   | Entered Level 1 of the Lair of Beasts
 19855 | Lair:1   | Noticed an eight-headed hydra
 19860 | Lair:1   | Found a frozen archway.
 20064 | Lair:1   | Killed an eight-headed hydra
 20064 | Lair:1   | Reached skill level 1 in Armour
 20085 | Lair:1   | Reached **** piety under Ashenzari
 22754 | Lair:2   | Noticed a queen ant
 22773 | Lair:2   | Killed a queen ant
 22792 | Lair:2   | Noticed Fannar
 23874 | Lair:2   | Reached skill level 5 in Dodging
 24673 | Lair:2   | Learned a level 3 spell: Call Canine Familiar
 24677 | Lair:2   | Learned a level 3 spell: Summon Guardian Golem
 24682 | Lair:2   | Learned a level 4 spell: Summon Ice Beast
 24687 | Lair:2   | Learned a level 4 spell: Summon Lightning Spire
 24691 | Lair:2   | Learned a level 1 spell: Apportation
 24769 | Lair:2   | Noticed an oklob plant
 25066 | Lair:2   | Noticed an oklob plant
 25079 | Lair:2   | Killed an oklob plant
 25239 | Lair:2   | Killed Fannar
 25239 | Lair:2   | Reached skill level 1 in Ice Magic
 25239 | Lair:2   | Reached skill level 1 in Air Magic
 25239 | Lair:2   | Reached XP level 12. HP: 62/94 MP: 4/22
 25541 | Lair:3   | Found a staircase to the Swamp.
 25543 | Lair:3   | Noticed a catoblepas
 25919 | Lair:3   | Noticed Rupert
 26397 | Lair:2   | Killed a catoblepas
 27513 | Lair:3   | Reached skill level 1 in Evocations
 28454 | Lair:4   | Noticed Nergalle
 28469 | Lair:4   | Killed Nergalle
 28676 | Lair:4   | Found a hole to the Spider Nest.
 28704 | Lair:4   | Learned a level 5 spell: Summon Mana Viper
 28740 | Lair:4   | Noticed an eight-headed hydra
 28762 | Lair:4   | Killed an eight-headed hydra
 28865 | Lair:4   | Noticed Josephine
 28922 | Lair:4   | Killed Josephine
 29187 | Lair:4   | Noticed Snorg
 29200 | Lair:4   | Reached ***** piety under Ashenzari
 29266 | Lair:4   | Killed Snorg
 29607 | Lair:5   | Reached skill level 5 in Summonings
 30023 | Lair:5   | Noticed a seven-headed hydra
 30027 | Lair:5   | Noticed a death yak
 30033 | Lair:5   | Killed a seven-headed hydra
 30037 | Lair:5   | Killed a death yak
 30043 | Lair:5   | Noticed a death yak
 30059 | Lair:5   | Killed a death yak
 30186 | Lair:5   | Noticed a death yak
 30201 | Lair:5   | Noticed a death yak
 30204 | Lair:5   | Killed a death yak
 30206 | Lair:5   | Noticed a death yak
 30212 | Lair:5   | Killed a death yak
 30217 | Lair:5   | Killed a death yak
 30289 | Lair:5   | Gained mutation: You are in touch with the powers of death. [Mummy growth]
 30289 | Lair:5   | Reached XP level 13. HP: 82/99 MP: 19/26
 30519 | Lair:6   | Entered Level 6 of the Lair of Beasts
 30619 | Lair:6   | Noticed a death ooze
 30668 | Lair:6   | Killed a death ooze
 30873 | Lair:6   | Reached skill level 10 in Spellcasting
 30890 | Lair:6   | Noticed an azure jelly
 30890 | Lair:6   | Noticed a death ooze
 30890 | Lair:6   | Noticed a death ooze
 30945 | Lair:6   | Killed a death ooze
 30962 | Lair:6   | Killed a death ooze
 30973 | Lair:6   | Killed an azure jelly
 31161 | Lair:6   | Found a staircase to the Slime Pits.
 34027 | D:12     | Noticed Azrael
 34036 | D:12     | Noticed Kirke
 34059 | D:11     | Killed Kirke
 34059 | D:11     | Reached skill level 10 in Summonings
 34268 | D:11     | Killed Azrael
 34771 | D:12     | Reached XP level 14. HP: 89/106 MP: 2/28
 34947 | D:12     | Found Kiug's Weapon Shop.
 35070 | D:12     | Noticed Urug
 35087 | D:12     | Killed Urug
 35274 | D:12     | Noticed Maurice
 35282 | D:12     | Killed Maurice
 35330 | D:12     | Noticed Nessos
 35437 | D:12     | Killed Nessos
 35820 | D:12     | Found a staircase to the Orcish Mines.
 35834 | Orc:1    | Entered Level 1 of the Orcish Mines
 35982 | Orc:2    | Entered Level 2 of the Orcish Mines
 36008 | Orc:2    | Reached skill level 1 in Stealth
 36041 | Orc:2    | Found a staircase to the Elven Halls.
 36731 | Orc:2    | Found Pook's Food Shoppe.
 36917 | Orc:2    | Found Sysmam's General Store.
 37129 | Orc:2    | Bought a scroll of teleportation for 42 gold pieces
 37129 | Orc:2    | Bought a scroll of blinking for 105 gold pieces
 37129 | Orc:2    | Bought a scroll of teleportation for 42 gold pieces
 37129 | Orc:2    | Bought a scroll of remove curse for 42 gold pieces
 37129 | Orc:2    | Bought a scroll of enchant armour for 105 gold pieces
 37338 | Orc:2    | Noticed Sonja
 37360 | Orc:2    | Killed Sonja
 37532 | Orc:2    | Reached skill level 5 in Armour
 38400 | Orc:2    | Found Dom Ruerch's Gadget Boutique.
 38400 | Orc:2    | Found a one-way gate leading to the halls of Pandemonium.
 38400 | Orc:2    | Found Bonee's Antique Weapon Shop.
 38932 | D:13     | Identified the +1 leather armour of Sirig {rElec rPois rN++ MR-} (You found it on level 10 of the Dungeon)
 38932 | D:13     | Identified the +2 leather armour of Birdsong {rPois Str+7} (You found it on level 6 of the Lair of Beasts)
 40194 | D:14     | Found a bloodstained altar of Trog.
 40200 | D:14     | Noticed Frances
 40242 | D:14     | Killed Frances
 40491 | D:14     | Noticed Agnes
 40512 | D:14     | Killed Agnes
 40754 | D:14     | Found a gate to the Vaults.
 41148 | D:15     | Entered Level 15 of the Dungeon
 41525 | D:15     | Reached ****** piety under Ashenzari
 41750 | D:15     | Paralysed by a floating eye for 4 turns
 42077 | D:15     | Reached XP level 15. HP: 97/111 MP: 29/29
 42588 | D:14     | Reached skill level 1 in Translocations
 43204 | D:15     | Found a staircase to the Depths.
 43227 | D:15     | Learned a level 7 spell: Summon Hydra
 43440 | Lair:3   | Killed Rupert
 43546 | Spider:1 | Entered Level 1 of the Spider Nest
 44816 | Spider:1 | Learned a level 1 spell: Summon Butterflies
 47577 | Spider:2 | Noticed Roxanne
 47638 | Spider:2 | Killed Roxanne
 50066 | Spider:3 | Reached skill level 15 in Summonings
 51263 | Spider:3 | Reached XP level 16. HP: 75/118 MP: 6/31
 52237 | Spider:4 | Entered Level 4 of the Spider Nest
 52322 | Spider:4 | Identified the +5 scale mail of Spite {Int+4 Stlth+}
 56446 | Spider:4 | Got a gossamer rune of Zot
 56669 | Swamp:1  | Entered Level 1 of the Swamp
 56673 | Swamp:1  | Reached skill level 5 in Maces & Flails
 58461 | Swamp:2  | Noticed a thorn hunter
 58483 | Swamp:2  | Killed a thorn hunter
 59163 | Swamp:2  | Cast into level 3 of the Abyss (miscasting Summon Hydra)
 59279 | Abyss:3  | Noticed a tentacled starspawn
 59280 | Abyss:3  | Got an abyssal rune of Zot
 59293 | Abyss:3  | Found a corrupted altar of Lugonu.
 59445 | Swamp:2  | Escaped the Abyss
 59487 | Swamp:2  | Noticed Aizul
 59498 | Swamp:2  | Killed Aizul
 59502 | Swamp:2  | Noticed Nikola
 59917 | Swamp:3  | Found a white marble altar of Elyvilon.
 60042 | Swamp:3  | Learned a level 2 spell: Blink
 60688 | Swamp:4  | Entered Level 4 of the Swamp
 60876 | Swamp:4  | Noticed a thorn hunter
 60886 | Swamp:4  | Killed a thorn hunter
 61097 | Swamp:4  | Reached XP level 17. HP: 113/123 MP: 34/34
 61534 | Swamp:4  | Noticed the 27-headed Lernaean hydra
 62450 | Swamp:4  | Killed the 27-headed Lernaean hydra
 62593 | Swamp:4  | Got a decaying rune of Zot
 63131 | D:4      | Bought a scroll of teleportation for 42 gold pieces
 63131 | D:4      | Bought a scroll of fear for 49 gold pieces
 63131 | D:4      | Bought a scroll of recharging for 133 gold pieces
 63131 | D:4      | Bought a scroll of enchant weapon for 105 gold pieces
 63339 | Vaults:1 | Entered Level 1 of the Vaults
 63541 | Vaults:1 | Found a flickering gateway to a bazaar.
 63549 | Bazaar   | Entered a bazaar
 63551 | Bazaar   | Found Feamp's Antique Weapon Shoppe.
 63559 | Bazaar   | Found Jerphixush's Weapon Boutique.
 63594 | Bazaar   | Found Muluy's Antique Weapon Emporium.
 63602 | Bazaar   | Found Qophyggeavu's Book Shop.
 63623 | Bazaar   | Bought a book of Death for 1190 gold pieces
 63641 | Vaults:1 | Learned a level 5 spell: Dispel Undead
 64221 | Vaults:1 | Reached skill level 5 in Necromancy
 67847 | Vaults:2 | Found a staircase to the Crypt.
 67847 | Vaults:2 | Found an ancient bone altar of Kikubaaqudgha.
 67848 | Vaults:2 | Found a basalt altar of Yredelemnul.
 67956 | Vaults:2 | Learned a level 5 spell: Agony
 68439 | Vaults:2 | Reached XP level 18. HP: 130/130 MP: 17/36
 68442 | Vaults:2 | Reached skill level 15 in Spellcasting
 69793 | D:4      | Bought a scroll of enchant armour for 75 gold pieces
 69793 | D:4      | Bought a scroll of brand weapon for 200 gold pieces
 69793 | D:4      | Bought a scroll of enchant armour for 75 gold pieces
 69793 | D:4      | Bought a scroll of fear for 35 gold pieces
 69793 | D:4      | Bought a scroll of blinking for 75 gold pieces
 71783 | Crypt:1  | Entered Level 1 of the Crypt
 73200 | Crypt:1  | Reached skill level 10 in Armour
 73996 | Crypt:2  | Noticed a lich
 74053 | Crypt:2  | Killed a lich
 74428 | Crypt:2  | Noticed a lich
 74437 | Crypt:2  | Killed a lich
 74828 | Crypt:2  | Reached skill level 10 in Fighting
 74857 | Crypt:2  | Reached XP level 19. HP: 132/140 MP: 18/38
 76336 | Vaults:2 | Found Kuonne Nuem's Gadget Boutique.
 76365 | Vaults:2 | Reached skill level 5 in Shields
 76766 | Vaults:2 | Bought a sack of spiders for 300 gold pieces
 77804 | Vaults:1 | Learned a level 4 spell: Animate Dead
 79410 | Vaults:3 | Reached skill level 10 in Shields
 79810 | Crypt:2  | Reached XP level 20. HP: 127/151 MP: 1/39
 79995 | Crypt:2  | Identified the +6 shortbow "Rawuyfaze" {venom, *Contam Fragile Int+5}
 80021 | Crypt:2  | Noticed a bone dragon
 80085 | Crypt:1  | Killed a bone dragon
 80837 | Crypt:3  | Entered Level 3 of the Crypt
 82684 | Crypt:3  | Found a staircase to the Tomb.
 83310 | Crypt:3  | Found a basalt altar of Yredelemnul.
 83336 | Crypt:3  | Noticed a bone dragon
 83381 | Crypt:3  | Killed a bone dragon
 83445 | Crypt:3  | Noticed an ancient lich
 83466 | Crypt:3  | Killed an ancient lich
 83572 | Crypt:3  | Noticed a bone dragon
 83588 | Crypt:3  | Killed a bone dragon
 83755 | Crypt:3  | Reached XP level 21. HP: 146/157 MP: 4/40
 84310 | Crypt:3  | Reached skill level 5 in Evocations
 84889 | Vaults:4 | Noticed Frederick
 84987 | Vaults:4 | Noticed Boris
 84998 | Vaults:4 | Killed Boris
 85337 | Vaults:4 | Identified the +2 robe of the Boiling Point {Int+2}
 85823 | Vaults:4 | Killed Frederick
 87062 | Depths:1 | Entered Level 1 of the Depths
 87110 | Depths:1 | Noticed Mara
 87123 | Depths:1 | Killed Mara
 87255 | Depths:1 | Noticed Sojobo
 87268 | Depths:1 | Killed Sojobo
 87294 | Depths:1 | Reached skill level 15 in Fighting
 87309 | Depths:1 | Found a magical portal.
 87327 | WizLab   | Entered Doroklohe's Tomb
 87336 | WizLab   | Noticed tryptr's ghost (adept MiBe)
 87344 | WizLab   | Killed tryptr's ghost
 87779 | WizLab   | Identified a scroll of acquirement
 87958 | Depths:1 | Reached XP level 22. HP: 93/175 MP: 26/41
 88231 | Depths:1 | Found a gateway to Hell.
 88726 | Vaults:2 | Bought a phantom mirror for 450 gold pieces
 88726 | Vaults:2 | Bought a phantom mirror for 450 gold pieces
 90236 | Depths:2 | Noticed a juggernaut
 90238 | Depths:2 | Noticed a shard shrike
 90238 | Depths:2 | a juggernaut changed into a shard shrike
 90244 | Depths:2 | Noticed a juggernaut
 90244 | Depths:2 | a shard shrike changed into a juggernaut
 90260 | Depths:2 | Killed a juggernaut
 91319 | Depths:2 | Learned a level 7 spell: Haunt
 91622 | Depths:2 | Noticed Jorgrun
 91636 | Depths:2 | Killed Jorgrun
 91636 | Depths:2 | Identified the amulet "Sud Nuagh" {Harm *Drain +Fly rC++ Dex-5 Stlth+} (You took it off Jorgrun on level 2 of the Depths)
 91641 | Depths:2 | Killed from afar by a crystal guardian

Skill      XL: |  1  2  3  4  5  6  7  8  9 10 11 12 13 14 15 16 17 18 19 20 21 22 |
---------------+-------------------------------------------------------------------+-----
Hexes          | 3 4 7 8 9 |  9.2
Throwing       | 2 3 5 6 8 |  8.2
Fighting       | 3 4 6 8 10 11 15 | 15.0
Maces & Flails | 3 4 6 |  6.5
Spellcasting   | 5 6 9 10 11 13 14 15 17 | 17.0
Necromancy     | 3 8 9 |  9.7
Summonings     | 2 4 5 10 12 15 16 17 | 17.5
Shields        | 1 4 10 12 | 12.3
Armour         | 3 6 10 11 | 11.4
Dodging        | 5 6 8 |  8.0
Ice Magic      | 1 2 |  2.6
Air Magic      | 1 2 |  2.7
Evocations     | 2 5 |  5.5
Stealth        | 1 3 |  3.3
Translocations | 1 2 |  2.2
Short Blades   | |  0.2

Action                   |  1- 3 |  4- 6 |  7- 9 | 10-12 | 13-15 | 16-18 | 19-21 | 22-24 || total
-------------------------+-------+-------+-------+-------+-------+-------+-------+-------++-------
Melee: Short sword       |   146 |       |       |       |       |       |       |       ||   146
       Whip              |     5 |       |       |       |       |       |       |       ||     5
       Unarmed           |     2 |       |       |       |       |       |       |       ||     2
       Mace              |    11 |   145 |   647 |   992 |  1916 |   253 |       |       ||  3964
       Eveningstar       |       |       |       |       |       |  1165 |  1194 |   378 ||  2737
Throw: Javelin           |     1 |     2 |    17 |    13 |       |     6 |     6 |     8 ||    53
       Stone             |    19 |       |    75 |    62 |       |       |       |       ||   156
       Tomahawk          |       |     3 |    13 |    45 |    16 |    17 |       |       ||    94
       Throwing net      |       |       |     2 |     1 |       |       |       |       ||     3
 Cast: Corona            |    40 |    30 |    59 |   113 |    17 |       |       |       ||   259
       Slow              |       |     5 |    39 |   165 |    24 |     3 |     1 |     2 ||   239
       Summon Small Mamm |       |       |    17 |   112 |       |       |       |       ||   129
       Animate Skeleton  |       |       |     3 |    47 |    78 |     8 |     1 |       ||   137
       Call Canine Famil |       |       |       |    22 |       |       |       |       ||    22
       Summon Guardian G |       |       |       |    30 |    54 |     6 |    12 |     1 ||   103
       Cause Fear        |       |       |       |     5 |     5 |    13 |       |       ||    23
       Summon Ice Beast  |       |       |       |    21 |   122 |    96 |     4 |       ||   243
       Summon Mana Viper |       |       |       |    14 |   292 |    87 |    38 |    17 ||   448
       Summon Lightning  |       |       |       |    12 |    82 |    27 |    36 |     1 ||   158
       Apportation       |       |       |       |     1 |       |     1 |     6 |     2 ||    10
       Summon Butterflie |       |       |       |       |     4 |     3 |     1 |     2 ||    10
       Summon Hydra      |       |       |       |       |       |   141 |    38 |     9 ||   188
       Dispel Undead     |       |       |       |       |       |   142 |   304 |    14 ||   460
       Agony             |       |       |       |       |       |    29 |    82 |     9 ||   120
       Blink             |       |       |       |       |       |     1 |       |     1 ||     2
       Animate Dead      |       |       |       |       |       |       |    25 |     3 ||    28
Invok: Curse Item        |       |     1 |     2 |       |     5 |     3 |       |     1 ||    12
       Scrying           |       |       |       |       |     1 |     5 |     4 |       ||    10
Evoke: Wand              |       |       |     6 |    10 |    10 |    20 |     8 |       ||    54
       Phantom mirror    |       |       |       |       |       |     1 |       |       ||     1
       Lamp of fire      |       |       |       |       |       |       |     1 |     3 ||     4
       Phial of floods   |       |       |       |       |       |       |       |     1 ||     1
  Use: Scroll            |       |     2 |     2 |    19 |    13 |    26 |    10 |     3 ||    75
 Stab: Sleeping          |     1 |     1 |     6 |       |    16 |     3 |     2 |       ||    29
       Distracted        |       |     1 |     1 |     9 |    47 |    21 |    22 |     7 ||   108
       Held in net/web   |       |       |     1 |       |       |       |       |       ||     1
       Confused          |       |       |       |     2 |     2 |     4 |       |       ||     8
Armor: Robe              |    42 |       |   160 |   304 |   202 |       |       |       ||   708
       Leather armour    |    18 |    37 |    18 |       |       |       |       |       ||    73
       Ring mail         |       |       |       |       |   857 |   738 |       |       ||  1595
       Fire dragon scale |       |       |       |       |       |   141 |   520 |   157 ||   818
Dodge: Dodged            |   134 |    92 |   450 |   595 |  1630 |  1215 |   524 |   150 ||  4790
Block: Buckler           |       |       |    13 |   190 |   476 |   516 |    28 |       ||  1223
       Shield            |       |       |       |       |       |       |   614 |   170 ||   784
